 Dungeon Crawl Stone Soup version 0.23.0-3-gf3c87f2 (webtiles) character file.

Game seed: 233542894406657894

10873 Lavandula the Grappler (level 11, -1/100 HPs)
             Began as a Troll Wanderer on Feb 23, 2019.
             Was a High Priest of Zin.
             Slain by a meliai
             ... wielding a +0 hand axe
              (8 damage)
             ... on level 12 of the Dungeon.
             The game lasted 00:26:54 (8670 turns).

Lavandula the Grappler (Troll Wanderer)             Turns: 8670, Time: 00:26:54

Health: -1/100     AC: 13    Str: 21    XL:     11   Next: 41%
Magic:  15/15      EV:  9    Int: 14    God:    Zin [*****.]
Gold:   50         SH: 10    Dex:  7    Spells: 11/12 levels left

rFire    . . .     SeeInvis .     - Unarmed
rCold    . . .     Gourm    +   t - +0 shield
rNeg     . . .     Faith    .   y - +4 robe of Resourcefulness {Int+3 Stlth+}
rPois    .         Spirit   .   m - +0 hat
rElec    .         Reflect  .   D - +2 cloak
rCorr    .         Harm     .   (gloves unavailable)
MR       +....                  (boots unavailable)
Stlth    ++........             P - amulet of regeneration
HPRegen  1.06/turn              u - -3 ring of strength (curse)
MPRegen  0.14/turn              o - ring of protection from magic

@: no status effects
A: large, unfitting armour, claws 3, fast metabolism 3, gourmand, regeneration
1, shaggy fur 1, tough skin 3
a: Recite, Vitalisation, Imprison, Sanctuary, Donate Gold, Renounce Religion


You were on level 12 of the Dungeon.
You worshipped Zin.
Zin was extremely pleased with you.
You were not hungry.

You visited 1 branch of the dungeon, and saw 12 of its levels.

You collected 522 gold pieces.
You spent 420 gold pieces at shops.
You donated 52 gold pieces to Zin.

Inventory:

Missiles
 d - 3 javelins (quivered)
Armour
 m - a +0 hat (worn)
 t - a +0 shield (worn)
 y - the +4 robe of Resourcefulness (worn) {Int+3 Stlth+}
   (You found it on level 7 of the Dungeon)

   It affects your intelligence (+3).
   It makes you more stealthy.
 D - a +2 cloak (worn)
 G - a +0 troll leather armour
Magical Staves
 O - an uncursed staff of earth {unknown}
Jewellery
 a - an uncursed ring of resist corrosion
 o - a ring of protection from magic (right claw)
 u - a cursed -3 ring of strength (left claw)
 P - an amulet of regeneration (around neck)
Wands
 g - a wand of disintegration (3)
 n - a wand of paralysis (20)
 F - a wand of flame (11)
 H - a wand of iceblast (13)
 L - a wand of enslavement (19)
 M - a wand of scattershot (7)
Scrolls
 b - 4 scrolls of fear {unknown}
 h - 4 scrolls of magic mapping {unknown}
 i - 6 scrolls of remove curse {unknown}
 j - 18 scrolls of identify
 k - 7 scrolls of amnesia {unknown}
 p - 3 scrolls of teleportation {unknown}
 r - 3 scrolls of immolation
 v - 3 scrolls of enchant armour {unknown}
 J - a scroll of silence {unknown}
 K - a scroll of random uselessness {unknown}
 N - a scroll of brand weapon {unknown}
 Q - a scroll of fog
 R - a scroll of noise {unknown}
 S - a scroll of acquirement {unknown}
Potions
 c - 2 potions of lignification
 e - a potion of magic {unknown}
 l - 3 potions of degeneration {unknown}
 q - 2 potions of invisibility {unknown}
 w - a potion of cancellation {unknown}
 x - 2 potions of heal wounds {unknown}
 z - a potion of mutation {unknown}
 A - a potion of curing
 B - a potion of ambrosia {unknown}
 C - 2 potions of experience {unknown}
 E - a potion of might {unknown}
Miscellaneous
 I - a sack of spiders
Comestibles
 f - 17 rations


   Skills:
 - Level 4.1 Fighting
   Level 1.0 Maces & Flails
 - Level 5.2 Throwing
 - Level 1.5 Dodging
 - Level 9.0 Shields
 + Level 10.3 Unarmed Combat
 - Level 1.2 Spellcasting
   Level 1.0 Necromancy
 - Level 7.0 Invocations


You had 11 spell levels left.
You knew the following spells:

 Your Spells              Type           Power        Failure   Level  Hunger
a - Sting                 Conj/Pois      #...         26%         1    ##.....

Your spell library contained the following spells:

 Spells                   Type           Power        Failure   Level  Hunger
 Summon Small Mammal      Summ           #...         26%         1    ##.....
 Call Imp                 Summ           #.......     36%         2    ###....
 Poisonous Vapours        Pois/Air       #.....       36%         2    ###....
 Call Canine Familiar     Summ           #.......     61%         3    ####...
 Dazzling Spray           Conj/Hex       #.....       61%         3    ####...
 Mephitic Cloud           Conj/Pois/Air  #.......     61%         3    ####...
 Summon Guardian Golem    Hex/Summ       #.......     61%         3    ####...
 Olgreb's Toxic Radiance  Pois           #.......     95%         4    #####..
 Summon Ice Beast         Ice/Summ       #.......     95%         4    #####..
 Summon Lightning Spire   Summ/Air       #.......     95%         4    #####..
 Venom Bolt               Conj/Pois      #.........   100%        5    ######.


Dungeon Overview and Level Annotations

Branches:
Dungeon (12/15)            Temple (0/1) D:4            Lair (0/6) D:8
    Orc (0/2) D:11

Altars:
Cheibriados
Vehumet
Zin

Shops:
D:5 *   D:6 :   D:8 =

Annotations:
D:11 exclusion: downstairs


Innate Abilities, Weirdness & Mutations

You are too large for most types of armour.
You have claws for hands.
Your metabolism is lightning-fast.
You like to eat raw meat.
Your natural rate of healing is unusually fast.
You are covered in fur. (AC +1)
You have extremely tough skin. (AC +3)


Message History

Press: ? - help, Shift-Dir - straight line, f/p - meliai
Aim: a meliai, wielding a +0 hand axe and wearing a +0 robe (severely wounded)
You throw a throwing net. The throwing net hits the meliai.
The meliai is caught in the net!
The meliai is severely wounded.
You feel sick.
The meliai struggles against the net. x2
You claw the meliai!
The meliai is almost dead.
You feel sick.
The meliai invokes the aid of its god against you.
Something smites you!
* * * LOW HITPOINT WARNING * * *
The meliai struggles against the net.
The net rips apart, and the meliai comes free!
You feel better.
The meliai invokes the aid of its god against you.
Something smites you!
* * * LOW HITPOINT WARNING * * *
The meliai closely misses you. The meliai stings you!
You die...

.....#
###......#
.....#
#....([#
.....#
#......#
.....#
#......#
#.####
#......#
#.#
#......#
#.#
#####'##
..# ##y#
### ##.@#
# #..##
######
#.##
.....# #.#
.....# #.#
.....# #.#
.....#
###.#
.....#
#.).#
.....#
#.###


You could see a meliai.

Vanquished Creatures
  A centaur warrior (D:11)
  Maurice (D:8)
  3 trolls
  2 meliai (D:12)
  2 hippogriffs (D:8)
  15 yaks
  2 hungry ghosts (D:11)
  3 porcupines
  5 phantoms
  4 orc warriors
  4 ice beasts
  A sky beast (D:9)
  2 ogres
  2 black bears (D:8)
  A necrophage (D:10)
  3 boggarts (D:11)
  A centaur (D:3)
  3 crocodiles
  5 bullfrogs
  A wyvern zombie (D:12)
  A water moccasin zombie (D:11)
  3 scorpions
  A killer bee (D:12)
  5 wights (D:5)
  2 howler monkeys
  A bullfrog zombie (D:11)
  4 crimson imps
  4 jellies
  3 hounds
  13 orc wizards
  A quasit (D:8)
  3 bullfrog skeletons
  10 orc priests
  6 centaur skeletons
  4 iguanas
  10 worker ants
  6 ogre zombies (D:11)
  2 hound zombies
  A hound skeleton (D:4)
  A howler monkey zombie (D:11)
  4 adders
  3 shadow imps
  2 worms
  5 dart slugs
  4 leopard geckos
  49 orcs
  6 giant cockroaches
  7 goblins
  10 hobgoblins
  7 jackals (D:5)
  4 quokkas
  A ball python (D:6)
  10 bats
  5 frilled lizards
  2 goblin skeletons (D:11)
  4 goblin zombies (D:11)
  A hobgoblin skeleton (D:11)
  A hobgoblin zombie (D:11)
  6 kobolds
  A leopard gecko skeleton (D:5)
  2 leopard gecko zombies
  2 orc skeletons (D:11)
  9 orc zombies (D:11)
  A quokka zombie (D:5)
  10 rats
298 creatures vanquished.

Vanquished Creatures (others)
  A yak (D:11)
  A bullfrog skeleton (D:10)
  An orc (D:10)
  9 fungi
  6 plants (D:12)
18 creatures vanquished.

Grand Total: 316 creatures vanquished

Notes
Turn   | Place    | Note
-------+----------+-------------------------------------------
     0 | D:1      | Lavandula the Troll Wanderer began the quest for the Orb.
     0 | D:1      | Lavandula set off with the following items: a +2 mace, a
                  | potion of lignification, a +0 robe, 2 rations; and the
                  | following spell memorised: Sting; and the following spells
                  | available to memorise: Dazzling Spray
     0 | D:1      | Reached XP level 1. HP: 19/19 MP: 1/1
   141 | D:1      | Reached skill level 1 in Unarmed Combat
   152 | D:1      | Reached XP level 2. HP: 22/27 MP: 2/2
   241 | D:1      | Reached skill level 2 in Unarmed Combat
   524 | D:1      | Reached XP level 3. HP: 33/33 MP: 3/3
   730 | D:1      | Reached skill level 3 in Unarmed Combat
   938 | D:2      | Found a faded altar of an unknown god.
   951 | D:2      | Became a worshipper of Zin the Law-Giver
   951 | D:2      | Reached * piety under Zin
  1151 | D:2      | Noticed an orc warrior
  1158 | D:2      | Reached skill level 4 in Unarmed Combat
  1158 | D:2      | Reached XP level 4. HP: 41/41 MP: 4/4
  1341 | D:2      | Killed an orc warrior
  1341 | D:2      | Reached skill level 5 in Unarmed Combat
  1341 | D:2      | Reached XP level 5. HP: 48/48 MP: 5/5
  1680 | D:3      | Noticed a centaur
  1689 | D:3      | Killed a centaur
  1689 | D:3      | Reached skill level 6 in Unarmed Combat
  1689 | D:3      | Reached XP level 6. HP: 45/55 MP: 6/6
  1879 | D:3      | Reached ** piety under Zin
  1959 | D:4      | Found a staircase to the Ecumenical Temple.
  1978 | D:4      | Reached skill level 7 in Unarmed Combat
  2260 | D:4      | Reached XP level 7. HP: 51/62 MP: 7/7
  2364 | D:5      | Entered Level 5 of the Dungeon
  2490 | D:5      | Reached skill level 8 in Unarmed Combat
  2627 | D:5      | Found a snail-covered altar of Cheibriados.
  2707 | D:5      | Reached skill level 9 in Unarmed Combat
  2751 | D:5      | Found Aceofun's General Store.
  2763 | D:5      | Reached XP level 8. HP: 68/70 MP: 8/8
  2872 | D:5      | Reached skill level 1 in Invocations
  3211 | D:6      | Found Kimo's Book Shoppe.
  4256 | D:7      | Reached *** piety under Zin
  4358 | D:7      | Got a faintly glowing robe
  4514 | D:7      | Identified the +4 robe of Resourcefulness {Int+3 Stlth+}
                  | (You found it on level 7 of the Dungeon)
  4833 | D:8      | Noticed a hippogriff
  4843 | D:8      | Killed a hippogriff
  4843 | D:8      | Reached XP level 9. HP: 72/76 MP: 11/11
  4859 | D:8      | Found Haphag's Jewellery Shoppe.
  4896 | D:8      | Reached skill level 5 in Shields
  5013 | D:8      | Found a staircase to the Lair.
  5062 | D:8      | Noticed Maurice
  5136 | D:8      | Killed Maurice
  5138 | D:8      | Reached **** piety under Zin
  5242 | D:8      | Found a radiant altar of Vehumet.
  5544 | D:9      | Reached XP level 10. HP: 85/85 MP: 12/12
  5912 | D:10     | Entered Level 10 of the Dungeon
  6394 | D:10     | Reached ***** piety under Zin
  6693 | D:10     | Reached skill level 5 in Invocations
  7065 | D:11     | Reached XP level 11. HP: 100/100 MP: 15/15
  7132 | D:11     | Noticed a four-headed hydra
  7132 | D:11     | Noticed a five-headed hydra
  7135 | D:11     | Noticed a centaur warrior
  7689 | D:11     | Found a staircase to the Orcish Mines.
  7841 | D:11     | Killed a centaur warrior
  7841 | D:11     | Reached skill level 5 in Throwing
  7941 | D:8      | Bought an uncursed amulet of regeneration for 330 gold
                  | pieces
  8020 | D:5      | Bought a scroll of identify for 24 gold pieces
  8020 | D:5      | Bought a scroll of fog for 24 gold pieces
  8020 | D:5      | Bought a scroll of immolation for 42 gold pieces
  8364 | D:11     | Reached skill level 10 in Unarmed Combat
  8525 | D:12     | Noticed a cyan ugly thing
  8670 | D:12     | Slain by a meliai

Skill      XL: |  1  2  3  4  5  6  7  8  9 10 11 |
---------------+----------------------------------+-----
Unarmed Combat | 1 2 4 5 6 7 9 10 | 10.3
Invocations    | 4 6 7 |  7.0
Shields        | 4 8 9 |  9.0
Fighting       | 4 |  4.1
Throwing       | 5 |  5.2
Maces & Flails | |  1.0
Dodging        | |  1.5
Spellcasting   | |  1.2
Necromancy     | |  1.0

Action                   |  1- 3 |  4- 6 |  7- 9 | 10-12 || total
-------------------------+-------+-------+-------+-------++-------
Melee: Unarmed           |   131 |   113 |   319 |   450 ||  1013
       Punch             |       |     1 |     5 |       ||     6
Throw: Javelin           |       |       |     3 |    25 ||    28
       Throwing net      |       |       |       |     5 ||     5
Invok: Recite            |     2 |     1 |    19 |    16 ||    38
       Sanctuary         |       |       |       |     2 ||     2
Evoke: Wand              |       |     1 |     1 |     2 ||     4
  Use: Potion            |       |       |       |     1 ||     1
 Stab: Sleeping          |     1 |       |     3 |     3 ||     7
       Paralysed         |       |     2 |       |       ||     2
       Confused          |       |       |       |     4 ||     4
       Invisible         |       |       |       |     1 ||     1
       Distracted        |       |       |       |     1 ||     1
       Held in net/web   |       |       |       |     1 ||     1
  Eat: Chunk             |    15 |     6 |    28 |    26 ||    75
       Ration            |       |       |       |     4 ||     4
Armor: Robe              |    63 |    38 |    84 |   105 ||   290
Dodge: Dodged            |    64 |    49 |    80 |    95 ||   288
Block: Shield            |       |       |    51 |   160 ||   211
